[Event "*** Titled Tuesday Blitz"]
[Site "Chess.com"]
[Date "2019.04.02"]
[Round "1"]
[White "vgyogi"]
[Black "Gr3egor"]
[Result "0-1"]
[WhiteElo "2152"]
[BlackElo "2535"]
[TimeControl "180+2"]
[EndTime "14:08:53 PDT"]
[Termination "Gr3egor won by resignation"]

1. d4 Nf6 2. Bg5 d5 3. Bxf6 exf6 4. e3 c6 5. c4 Qb6 6. Qb3 Be6 7. Nd2 Nd7 8. Ngf3 Be7 9. Be2 O-O 10. O-O Rfc8 11.
Rfc1 g6 12. h3 f5 13. cxd5 cxd5 14. Qxb6 Nxb6 15. Nb3 Nc4 16. Rc2 a5 17. Rac1 b5 18. Nc5 Bxc5 19. dxc5 f4 20. b3 Na3 21. Rd2 fxe3 22. fxe3 Rc7 23. Nd4 Rac8 24. c6 Bd7 25.
Bxb5 Nxb5 26. Nxb5 Rxc6 27. Rxc6 Rxc6 28. Nd4 Rc1+ 29.
Kf2 a4 30. Rc2 Rb1 31. Kf3 a3 32. Ke2 Bf5 33. Rd2 Be4 34. Kf2 Rb2 35. Ke2 Bxg2 36. h4 Be4 37. Kd1 Bb1 38. Kc1 Rxd2 39. Kxd2 Bxa2 40.
b4 Bc4 41. Kc3 h6 42. b5 g5 43. b6 Ba6 44. hxg5 hxg5 45. Nb5 g4 46. Nxa3 g3 0-1

[Event "*** Titled Tuesday Blitz"]
[Site "Chess.com"]
[Date "2019.04.02"]
[Round "1"]
[White "A-Fier"]
[Black "TregubovP"]
[Result "0-1"]
[WhiteElo "2770"]
[BlackElo "2473"]
[TimeControl "180+2"]
[EndTime "14:08:54 PDT"]
[Termination "TregubovP won by resignation"]

1. d4 Nf6 2. Bg5 e6 3. e4 h6 4. Bxf6 Qxf6 5. c3 d6 6. Bd3 g6 7. Ne2 Bg7 8. O-O e5 9. f4 Qe7 10. f5 O-O 11. fxg6 fxg6 12. Qb3+ Kh7 13. Rxf8 Qxf8 14.
Nd2 Nc6 15. Rf1 Qe8 16. Nf3 Rb8 17. d5 Ne7 18. Bb5 c6 19. Bd3 cxd5 20. exd5 Bf5 21. Qc2 Qb5 22. Bxf5 Nxf5 23. c4 Qc5+ 24. Rf2 Rc8 25.
b3 Qxd5 26. Nc3 Qe6 27. Qd3 a6 28. h3 b5 29. Nd2 bxc4 30. bxc4 Nd4 31. Nd5 Rf8 32.
Rxf8 Bxf8 33. Ne4 Bg7 34. h4 Qf5 35. h5 gxh5 36. Nef6+ Bxf6 37. Nxf6+ Kg6 38. Qxf5+ Nxf5 39. Nd7 Ne3 40. c5 dxc5 41. Nxc5 a5 42. a4 Kf5 43. Kf2 Nc4 44. Kf3 h4 45. Kf2 e4 46. Nb3 Kf4 47. Nd4 e3+ 48. Ke2 Kg3 49. Nf5+ Kxg2 50. Nxh4+ Kh3 51. Nf5 h5 52. Kf3 h4 53. Ke2 Kg4 54.
Nh6+ Kf4 0-1

[Event "*** Titled Tuesday Blitz"]
[Site "Chess.com"]
[Date "2019.04.02"]
[Round "1"]
[White "Al_Shima"]
[Black "Gabrielian_Artur"]
[Result "0-1"]
[WhiteElo "2424"]
[BlackElo "2759"]
[TimeControl "180+2"]
[EndTime "14:08:54 PDT"]
[Termination "Gabrielian_Artur won by resignation"]

1. b3 Nf6 2. Bb2 g6 3. Bxf6 exf6 4. c4 d5 5. cxd5 Qxd5 6. Nc3 Qa5 7. a3 c6 8. b4 Qd8 9. d4 Bd6 10. e3 O-O 11. Nf3 Re8 12. Be2 f5 13. O-O Nd7 14.
d5 c5 15. Nb5 Nf6 16. bxc5 Bxc5 17. d6 Bb6 18. Rc1 Rf8 19. Qd2 Bd7 20. Rfd1 Ne4 21.
Qb4 Qf6 22. Nc7 Rad8 23. Nd5 Qe6 24. Nxb6 axb6 25. Qxb6 Ba4 26. Rd4 Bc6 27. Rcd1 Rxd6 28. Rxd6 Nxd6 29. Nd4 Qe5 30. Nxc6 bxc6 31. Qxc6 Ne4 32.
Bf3 Ng5 33. h4 Ne6 34. Bd5 Rd8 35. Bb3 Rxd1+ 36. Bxd1 Qa1 37. Qd6 f4 38. exf4 Nd4 39. Kh2 Qxd1 40. f5 Nf3+ 0-1

[Event "*** Titled Tuesday Blitz"]
[Site "Chess.com"]
[Date "2019.04.02"]
[Round "1"]
[White "Caterpiller35"]
[Black "chessking2151"]
[Result "0-1"]
[WhiteElo "2228"]
[BlackElo "2569"]
[TimeControl "180+2"]
[EndTime "14:08:55 PDT"]
[Termination "chessking2151 won by resignation"]

1. d4 Nf6 2. Bg5 Ne4 3. Bf4 d5 4. e3 c5 5. Bd3 Nf6 6. Nf3 Nc6 7. O-O Bg4 8. Nbd2 cxd4 9. exd4 Nxd4 10. c3 Nc6 11.
Re1 e6 12. Qb3 Qb6 13. Qxb6 axb6 14. Ne5 Nxe5 15. Bxe5 Bc5 16. b4 Be7 17. Bc7 Nd7 18. Bb5 Bd8 19. Bd6 Rc8 20. c4 d4 21. Nb3 Be7 22. Bxe7 Kxe7 23. Nxd4 Rhd8 24. h3 Nf6 25.
Nb3 Bf5 26. Rad1 Bd3 27. Rc1 Ra8 28. a4 Rac8 29. a5 bxa5 30. Nxa5 Rc7 31. Re3 Bg6 32. c5 Nd5 33. Rb3 Ra8 34. Nxb7 Rb8 35. c6 Be4 36. Rc4 Bg6 37. Ba6 Nb6 38. Rd4 Rxc6 39. b5 Rc7 40.
Na5 Nd5 41. Nc6+ Rxc6 42. bxc6 Rxb3 43. Rxd5 exd5 44. c7 Bf5 45. g4 Be6 46. f4 Rc3 0-1

[Event "*** Titled Tuesday Blitz"]
[Site "Chess.com"]
[Date "2019.04.02"]
[Round "1"]
[White "nurgyulsalimova"]
[Black "Bigfish1995"]
[Result "0-1"]
[WhiteElo "2490"]
[BlackElo "2914"]
[TimeControl "180+2"]
[EndTime "14:08:58 PDT"]
[Termination "Bigfish1995 won by resignation"]

1. c4 e6 2. Nc3 d5 3. cxd5 exd5 4. d4 c6 5. Nf3 Bf5 6. Bf4 Nd7 7. e3 Qb6 8. Qc1 Ngf6 9. Be2 h6 10. O-O Be7 11. h3 O-O 12. a3 a5 13. Na4 Qa7 14. Ne5 Nxe5 15. Bxe5 Nd7 16. Bg3 b5 17. Nc3 Nb6 18.
Nb1 Rfc8 19. Nd2 c5 20. dxc5 Rxc5 21. Qd1 Bf6 22. b4 Rcc8 23. bxa5 Na4 24. Rc1 Nc3 25. Qe1 Qxa5 26. Bd6 Qa4 27. Bb4 Bc2 28. Nf3 Na2 29. Rxc2 Qxc2 30. Bxb5 Bc3 31. Bxc3 Nxc3 32.
Nd4 Qb2 33. Bd7 Rc7 34. Bg4 Rxa3 35. Nf5 h5 36. Bf3 g6 37. Nd4 Kg7 38. Kh1 h4 39. Kg1 Rca7 40. Nc6 R7a6 41. Ne5 Ra1 42. Nd3 Rxe1 43.
Nxb2 Rxf1+ 44. Kxf1 Ra1+ 0-1

[Event "*** Titled Tuesday Blitz"]
[Site "Chess.com"]
[Date "2019.04.02"]
[Round "1"]
[White "Schachmalanders"]
[Black "Kimster98"]
[Result "0-1"]
[WhiteElo "2297"]
[BlackElo "2615"]
[TimeControl "180+2"]
[EndTime "14:09:00 PDT"]
[Termination "Kimster98 won by checkmate"]

1. e4 d6 2. d4 Nf6 3. Nc3 c6 4.
h3 Nbd7 5. g4 g6 6. g5 Nh5 7.
Be2 Ng7 8. Be3 e5 9. Nf3 Be7 10. Qd2 a6 11. O-O-O b5 12. h4 Bb7 13. Nh2 b4 14.
Na4 c5 15. dxc5 Nxc5 16. Qxb4 Bxe4 17. f3 Bf5 18. Bxc5 Qc7 19. Bd3 dxc5 20. Qb6 Qxb6 21. Nxb6 Rb8 22. Nd5 Bd8 23. Ng4 Bxg4 24. fxg4 O-O 25. Bc4 Ne6 26. Rhe1 Nd4 27. Rxe5 Nf3 28. Re3 Nxh4 29. Nf6+ Bxf6 30. gxf6 h6 31. Rg1 Rb6 32. g5 hxg5 33. Rxg5 Rxf6 34. Rxc5 Kg7 35. Re7 Nf5 36. Ra7 Ne3 37. Bxa6 Rf2 38. b3 Rh8 39. Bd3 Rh1+ 40. Kb2 Nd1+ 41. Ka3 Ne3 42. b4 Rb1 43. Rc6 Kh6 44.
Rcc7 f5 45. Rh7+ Kg5 46. Rhc7 Ng4 47. Ka4 Ne5 48. b5 Nxd3 49. b6 Rxb6 50. Rg7 Rxc2 51. Ka5 Rbb2 52. a4 Rc5+ 53. Ka6 Rc6+ 54. Ka5 Rc5+ 55.
Ka6 Rc6+ 56. Ka5 Ne5 57. Rab7 Nc4# 0-1

[Event "*** Titled Tuesday Blitz"]
[Site "Chess.com"]
[Date "2019.04.02"]
[Round "1"]
[White "vpantev"]
[Black "stepanosinovsky"]
[Result "0-1"]
[WhiteElo "2589"]
[BlackElo "2314"]
[TimeControl "180+2"]
[EndTime "14:09:06 PDT"]
[Termination "stepanosinovsky won on time"]

1. d4 Nf6 2. Nf3 g6 3. Bf4 Bg7 4. e3 O-O 5. Be2 d6 6. O-O Nbd7 7. h3 Qe8 8. c4 e5 9. Bh2 Qe7 10. Nc3 Re8 11. Rb1 h5 12. b4 e4 13. Nd2 Nf8 14.
c5 d5 15. b5 Bf5 16. a4 N8h7 17. Qb3 Rad8 18. Kh1 Qe6 19. Rg1 Rc8 20. a5 h4 21.
a6 b6 22. Rbc1 Ng5 23. Bf4 Bh6 24. Be5 Ngh7 25. Nf1 bxc5 26. Bxf6 Nxf6 27. dxc5 d4 28. Qxe6 Rxe6 29. Na4 d3 30. Bd1 Re5 31. Nd2 Nd5 32.
Rc4 Nxe3 33. fxe3 Bxe3 34. Nb3 Bxg1 35. Kxg1 e3 36. Kf1 e2+ 37. Bxe2 dxe2+ 38. Ke1 Be6 39. Rc3 Rd8 40. Nb2 Bxb3 41. Rxb3 Rxc5 42. Kxe2 Rc2+ 43. Kf3 Rdd2 44. Nd3 Rxg2 45. Nf4 Rg3+ 46. Ke4 Rxb3 47. Nd5 Rc4+ 48. Ke5 Rxb5 49. Kf6 Rxd5 50. Ke7 Re4+ 0-1

[Event "*** Titled Tuesday Blitz"]
[Site "Chess.com"]
[Date "2019.04.02"]
[Round "1"]
[White "ALeks_Ivlev"]
[Black "Vrolijk"]
[Result "1-0"]
[WhiteElo "2492"]
[BlackElo "2851"]
[TimeControl "180+2"]
[EndTime "14:09:12 PDT"]
[Termination "ALeks_Ivlev won by resignation"]

1. d4 Nf6 2. c4 e6 3. g3 d5 4.
Nf3 Be7 5. Bg2 O-O 6. O-O dxc4 7.
Qc2 a6 8. a4 Bd7 9. Bg5 Bc6 10.
Qxc4 Bd5 11. Qc2 Be4 12. Qc1 h6 13. Bxf6 Bxf6 14. e3 c6 15. Nc3 Bh7 16. b4 Nd7 17.
a5 e5 18. Rd1 Qe7 19. d5 e4 20. Nd4 c5 21. bxc5 Nxc5 22. Qa3 Rac8 23. Rac1 Nd3 24. Qxe7 Bxe7 25. Rc2 f5 26. Nce2 Rxc2 27. Nxc2 Rc8 28. Ncd4 Bb4 29. Rb1 Rd8 30. Nf4 Bxa5 31. Rxb7 Nxf4 32.
gxf4 Rxd5 33. Bf1 Rd6 34. Bc4+ Kf8 35. Ne6+ Ke8 36. Rxg7 Rd7 37. Rxd7 Kxd7 38. Nd4 Bb6 39. Bxa6 Bxd4 40. exd4 Bg8 41. Kf1 Kd6 42. Ke2 Be6 43. Ke3 Bd7 44. Bc4 Bc8 45. Bg8 Bd7 46. f3 exf3 47. Kxf3 Bc6+ 48. Kg3 Bd5 49. Bh7 Be4 50. Kf2 Kd5 51. Ke3 Kd6 52. Bg8 Bb1 53. Bc4 Bc2 54. Bd3 Bxd3 55. Kxd3 Kd5 56. h3 Ke6 57. Kc4 Kf6 58.
d5 Kg6 59. d6 Kh5 60. d7 Kh4 61. d8=Q+ Kxh3 62. Qf6 Kg4 63. Qxh6 Kf3 64. Qg5 Ke4 65. Kc5 1-0

[Event "*** Titled Tuesday Blitz"]
[Site "Chess.com"]
[Date "2019.04.02"]
[Round "1"]
[White "DrMelekess"]
[Black "ChainsOfFantasia"]
[Result "0-1"]
[WhiteElo "2713"]
[BlackElo "2440"]
[TimeControl "180+2"]
[EndTime "14:09:12 PDT"]
[Termination "ChainsOfFantasia won by resignation"]

1. d4 Nf6 2. Nf3 e6 3. c4 d5 4. e3 Be7 5. b3 O-O 6. Be2 b6 7. O-O Bb7 8. Bb2 dxc4 9. bxc4 c5 10. Nbd2 cxd4 11. exd4 Nc6 12. Rc1 Rc8 13. Nb3 Qc7 14. Qd2 Rfd8 15. Rfd1 Qb8 16. h3 h6 17. Qe3 Re8 18.
Bd3 Nb4 19. Bb1 Qa8 20. Nbd2 b5 21. a3 Na6 22. cxb5 Nc7 23. Qb3 Bd5 24. Qd3 Qb7 25.
a4 a6 26. Ne1 axb5 27. axb5 Nxb5 28. Rxc8 Rxc8 29. Rc1 Nd6 30. Rxc8+ Qxc8 31. Ba3 Nf5 32. Bxe7 Nxe7 33. Bc2 Nf5 34. Bb3 Qb7 35. Bxd5 Qxd5 36. Nef3 Ne8 37. Qc3 Ned6 38. g3 Nb5 39. Qc8+ Kh7 40.
Qe8 Nbxd4 41. Nxd4 Nxd4 42. Kh2 Qf5 43. Kg2 Qd3 44.
Nf1 Qf3+ 45. Kh2 Qxf2+ 0-1

[Event "*** Titled Tuesday Blitz"]
[Site "Chess.com"]
[Date "2019.04.02"]
[Round "1"]
[White "novocane"]
[Black "krzyzan94"]
[Result "0-1"]
[WhiteElo "2201"]
[BlackElo "2550"]
[TimeControl "180+2"]
[EndTime "14:09:15 PDT"]
[Termination "krzyzan94 won by resignation"]

1. d4 Nf6 2. c4 c5 3. d5 e6 4. Nc3 exd5 5. cxd5 d6 6. e4 g6 7. f3 Bg7 8. Bg5 h6 9. Be3 O-O 10. Qd2 Nbd7 11. Nge2 a6 12. a4 Ne5 13. Ng3 h5 14.
Bg5 Qe8 15. Be2 Nh7 16. Bh6 h4 17. Nf1 f5 18. Bxg7 Kxg7 19. Ne3 Nf6 20. exf5 gxf5 21. O-O Qg6 22. f4 Nf7 23. Kh1 Nh6 24. Rae1 Bd7 25.
Bd3 Rae8 26. Nc4 Nh5 27. Rxe8 Rxe8 28. Re1 b5 29. axb5 axb5 30. Nb6 Rxe1+ 31. Qxe1 Nxf4 32. Bf1 Be8 33. Qxh4 Ng4 34. h3 b4 35. Nd1 Qf6 36. Qe1 Ne5 37. b3 Nfg6 38. Ne3 f4 39.
Ng4 Nxg4 40. Qxe8 Ne3 41. Be2 Qa1+ 42. Kh2 Qe1 43. Qd7+ Kh6 44. Bc4 Qg3+ 0-1

[Event "*** Titled Tuesday Blitz"]
[Site "Chess.com"]
[Date "2019.04.02"]
[Round "1"]
[White "Dixit_Nikhil"]
[Black "penguingm1"]
[Result "0-1"]
[WhiteElo "2497"]
[BlackElo "2958"]
[TimeControl "180+2"]
[EndTime "14:09:17 PDT"]
[Termination "penguingm1 won by resignation"]

1. e4 e5 2. Nf3 Nc6 3. Nc3 Nf6 4. d4 exd4 5. Nxd4 Bb4 6. Nxc6 bxc6 7. Bd3 d5 8. exd5 cxd5 9. O-O O-O 10. Bg5 c6 11. Qf3 h6 12. Bxf6 Qxf6 13. Qxf6 gxf6 14. Nd1 Rb8 15.
Ne3 Re8 16. Nf5 Bxf5 17. Bxf5 Bd6 18. b3 Be5 19. Rad1 Re7 20. g3 Bc3 21. Kg2 a5 22.
a4 Re5 23. Bd3 Rb4 24. f4 Re7 25. Kf3 Kf8 26. Rf2 Rb8 27. Re2 Rxe2 28. Kxe2 Re8+ 29.
Kf3 Bd4 30. Rd2 Re3+ 31. Kg4 Re1 32. Re2 Rh1 33. Kh5 Bg1 34. h4 Bh2 35. Rg2 Kg7 36. Kg4 Bg1 37. Bf5 Be3 38. Bd7 c5 39. Bc6 d4 40.
Bb5 Kf8 41. Kh5 Rh3 42. Kg4 Rh1 43. Kh5 Bc1 44. Bd3 Kg7 45. Kg4 Rd1 46. Kf5 Be3 47. Ke4 Bd2 48. Kd5 Bb4 49. Ke4 Re1+ 50. Kf3 h5 51. Re2 Rg1 52. Kf2 Rd1 53. Re7 c4 54. Be2 Rd2 55. Rd7 d3 56. cxd3 cxb3 57. Ke3 b2 58.
Bxh5 b1=Q 0-1

[Event "*** Titled Tuesday Blitz"]
[Site "Chess.com"]
[Date "2019.04.02"]
[Round "1"]
[White "olksuna"]
[Black "Alexander_Donchenko"]
[Result "1-0"]
[WhiteElo "2496"]
[BlackElo "2836"]
[TimeControl "180+2"]
[EndTime "14:09:19 PDT"]
[Termination "olksuna won on time"]

1. c4 Nf6 2. Nc3 c5 3. g3 e6 4. Nf3 b6 5. Bg2 Bb7 6. O-O Be7 7. b3 O-O 8. Bb2 d6 9. d4 cxd4 10. Qxd4 Nbd7 11. Rad1 a6 12. h3 Qc7 13. Nh4 Bxg2 14. Nxg2 Rfd8 15. e4 Rac8 16. Ne3 Ne5 17. Kg2 Qb7 18. f3 b5 19. cxb5 axb5 20. Rd2 h5 21. Ne2 Nc6 22. Qd3 Nb4 23. Qb1 d5 24. a3 Na6 25. e5 Nd7 26. b4 Nb6 27. Nf4 Nc4 28.
Nxc4 dxc4 29. Rxd8+ Rxd8 30. Bc3 Nc7 31. Rd1 Nd5 32. Nxd5 Rxd5 33. Qe4 Qd7 34. Rxd5 exd5 35. Qd4 Bf8 36. g4 hxg4 37. hxg4 Qe6 38. Kg3 g5 39. Qe3 Be7 40. Qd4 Bd8 41. Qc5 Bb6 42. Qxb5 d4 43. Bd2 d3 44. Bxg5 Bd4 45. Bf6 Qc8 46. Qd5 Be3 47. f4 d2 48. Qh1 Bxf4+ 49. Kxf4 1-0

[Event "*** Titled Tuesday Blitz"]
[Site "Chess.com"]
[Date "2019.04.02"]
[Round "1"]
[White "IamSchrodingersCat"]
[Black "BlueWizzard"]
[Result "0-1"]
[WhiteElo "2403"]
[BlackElo "2727"]
[TimeControl "180+2"]
[EndTime "14:09:19 PDT"]
[Termination "BlueWizzard won by resignation"]

1. e4 Nf6 2. e5 Nd5 3. c4 Nb6 4. d4 d6 5. exd6 exd6 6. Nc3 Nc6 7. h3 Be7 8. Nf3 O-O 9. Bd3 Bf6 10. Be3 d5 11. cxd5 Nxd5 12. Nxd5 Qxd5 13. O-O Nb4 14. Bb1 Qd6 15. Qd2 Nd5 16. Bc2 Re8 17.
Rfe1 Nxe3 18. Rxe3 Bd7 19. Rae1 Rxe3 20. Qxe3 g6 21. Ne5 Be6 22. h4 Rd8 23. h5 Qxd4 24.
Qxd4 Rxd4 25. hxg6 hxg6 26. Nxg6 Rd2 27. Ba4 Bd4 28.
Re4 Bxf2+ 29. Kf1 Rxb2 30. Nf4 Bf5 31. Re8+ Kg7 32. Re7 Bb6 33. g3 Rf2+ 34. Ke1 Rf3 35. Bb3 Re3+ 36. Rxe3 Bxe3 37. Nd5 Bd4 38. Ke2 Be5 39.
Kf3 c6 40. Ne3 Bd7 41. Nc4 Bc7 42. Ne3 f5 43. Ng2 Kf6 44. Bc2 c5 45. Ne3 Bc6+ 46.
Kf2 f4 47. gxf4 Bxf4 48. Nc4 Bd5 49. Bd3 b5 50. Na5 c4 51. Bc2 Ke5 52. Ke2 Kd4 53. a4 Bc7 0-1

[Event "*** Titled Tuesday Blitz"]
[Site "Chess.com"]
[Date "2019.04.02"]
[Round "1"]
[White "MajorCoast"]
[Black "Andrjywa"]
[Result "0-1"]
[WhiteElo "2054"]
[BlackElo "2518"]
[TimeControl "180+2"]
[EndTime "14:09:19 PDT"]
[Termination "Andrjywa won by resignation"]

1. d4 Nf6 2. Nf3 c5 3. e3 cxd4 4. exd4 d5 5. Bf4 Nc6 6. c3 Qb6 7. Qb3 Qxb3 8. axb3 Bf5 9. Nbd2 Nh5 10. Bg3 Nxg3 11.
hxg3 h6 12. Bb5 Bd7 13. Bd3 g6 14. b4 Bg7 15. Nb3 e5 16. dxe5 Nxe5 17. Nxe5 Bxe5 18.
O-O O-O 19. Nc5 Bc8 20. Rfe1 Bf6 21. b5 b6 22. Na6 Bxa6 23. Rxa6 d4 24. cxd4 Bxd4 25.
b3 Bc5 26. Be4 Rad8 27. Rxa7 Rd2 28. Rf1 Rfd8 29. Ra8 Rxa8 30. Bxa8 Rd3 31. Kh2 Rxb3 32. Bc6 Rb2 33. f3 Rd2 34. Re1 Kg7 35. Re8 h5 36.
Ra8 Bd6 37. Kh3 Rd1 38. Kh2 h4 39. f4 hxg3+ 40. Kxg3 Rd4 41. Kf3 Rxf4+ 42. Ke3 g5 43. Ra2 Bc5+ 44. Kd3 g4 45. Re2 g3 46. Bf3 Bf2 47.
Re4 Rxf3+ 48. gxf3 f5 49. Re7+ Kf6 50. Re8 g2 51. Rg8 g1=Q 52. Rxg1 Bxg1 53. Kc4 Ke5 0-1

[Event "*** Titled Tuesday Blitz"]
[Site "Chess.com"]
[Date "2019.04.02"]
[Round "1"]
[White "pedro_gines"]
[Black "Amirreza_p"]
[Result "0-1"]
[WhiteElo "2434"]
[BlackElo "2768"]
[TimeControl "180+2"]
[EndTime "14:09:23 PDT"]
[Termination "Amirreza_p won on time"]

1. d4 d5 2. Nf3 Nf6 3. c4 e6 4. g3 Bb4+ 5. Bd2 Be7 6. Bg2 c6 7. O-O O-O 8. Qc2 b6 9. Bf4 Ba6 10. Nbd2 Nbd7 11. b3 Rc8 12. e4 c5 13.
exd5 exd5 14. Rfe1 dxc4 15. Nxc4 Nd5 16. Bd6 Bxc4 17.
Bxe7 Nxe7 18. Qxc4 Ng6 19. Rad1 Qc7 20. dxc5 Nxc5 21.
Nd4 Rfd8 22. Nb5 Qb8 23. Qg4 Rxd1 24. Rxd1 a5 25. h4 h6 26. h5 Ne5 27. Qf5 Re8 28.
Nd6 Re7 29. Ne4 Ned3 30. Nc3 Qe5 31. Qxe5 Rxe5 32. Nd5 b5 33. Ne3 Rxh5 34. Bf1 Ne5 35. Bxb5 Ne4 36. Bc4 Nxc4 37. Nxc4 Nc3 38. Rd8+ Kh7 39. a4 Rc5 40. Ra8 Ne2+ 41. Kg2 Nd4 42. Rxa5 Rc7 43. Ra8 Nxb3 44. Ne3 Rc5 45. Rb8 Nd4 46.
Ra8 Nb3 47. Ra7 Kg6 0-1

[Event "*** Titled Tuesday Blitz"]
[Site "Chess.com"]
[Date "2019.04.02"]
[Round "1"]
[White "letsgoband"]
[Black "Shahinyan_ChessMood"]
[Result "0-1"]
[WhiteElo "2286"]
[BlackElo "2609"]
[TimeControl "180+2"]
[EndTime "14:09:25 PDT"]
[Termination "Shahinyan_ChessMood won by resignation"]

1. e4 e6 2. d4 d5 3. exd5 exd5 4. Nc3 Nc6 5. Bf4 Bf5 6. a3 Nf6 7. Qd2 Bd6 8. Bxd6 Qxd6 9. O-O-O O-O 10. f3 Rae8 11.
Nge2 a6 12. Ng3 Bg6 13. Bd3 h5 14. Bxg6 fxg6 15. Nge2 Kh7 16. h4 b5 17. Qf4 Qd7 18. Qg5 Ne7 19. Nf4 c6 20. Rde1 Qf5 21. Re5 Qxg5 22.
hxg5 Nd7 23. Ne6 Nxe5 24. Nxf8+ Rxf8 25. dxe5 Rf5 26. Ne2 Rxe5 27. Nf4 Rxg5 28. g4 Kh6 29. Re1 Ng8 30. gxh5 gxh5 31. Re6+ Kh7 32. Rxc6 Nf6 33. Rxa6 h4 34. Kd2 Rg3 35. Ke3 Kh6 36. Ne2 Rg2 37. Nf4 Rxc2 38. Nxd5 h3 39. Nxf6 gxf6 40. Rxf6+ Kg5 41.
Rf8 h2 42. Rh8 Rxb2 43. f4+ Kf5 44. Kf3 Rb3+ 45. Kg2 Kxf4 46. Kxh2 Rxa3 47. Kg2 Ra2+ 48. Kf1 Ke3 49. Rb8 Ra1+ 50. Kg2 Rb1 51. Kg3 b4 52. Re8+ Kd3 53. Kf3 b3 54. Rd8+ Kc2 55. Ke2 Rh1 56.
Rc8+ Kb1 57. Kd2 b2 58. Rb8 Rh5 59. Kc3 Rc5+ 60. Kb3 Kc1 61. Ka3 0-1

[Event "*** Titled Tuesday Blitz"]
[Site "Chess.com"]
[Date "2019.04.02"]
[Round "1"]
[White "Tonychess32"]
[Black "denizozen"]
[Result "0-1"]
[WhiteElo "2394"]
[BlackElo "2713"]
[TimeControl "180+2"]
[EndTime "14:09:31 PDT"]
[Termination "denizozen won by resignation"]

1. e4 Nf6 2. e5 Ng8 3. d4 d6 4. Nf3 Bg4 5. Be2 dxe5 6. Nxe5 Bxe2 7. Qxe2 Qxd4 8. Nc3 a6 9. O-O Nd7 10. Nxd7 Qxd7 11.
Rd1 Qc6 12. Bf4 Nf6 13. Rd3 e6 14. Rad1 Be7 15. h3 O-O 16. Be5 Rad8 17. Bd4 h6 18.
Rg3 b5 19. a3 Qc4 20. Qe3 Kh7 21. Be5 Rxd1+ 22. Nxd1 Qxc2 23. Nc3 c5 24. Kh2 b4 25.
Ne4 Rg8 26. Rxg7+ Rxg7 27. Bxf6 Bf8 28. Bxg7 Bxg7 29. axb4 cxb4 30. b3 Qc7+ 31. g3 Qe5 32. Qd3 f5 33. Nd2 Qc3 34. Qd7 Qd4 35. Qxd4 Bxd4 36.
Kg2 Kg6 37. Kf3 e5 38. Ke2 Kf6 39. Nc4 Ke6 40. f3 Kd5 41. Kd3 e4+ 42. fxe4+ fxe4+ 43. Ke2 Be5 44. Ne3+ Kd4 45. Kd2 a5 46. Nf5+ Kc5 47. Ne3 Bxg3 48. Nf5 Bf4+ 49. Kc2 Kd5 50. Ne7+ Kd6 51.
Nf5+ Ke6 52. Nd4+ Kd5 53. Nf5 Bg5 54. h4 Bf4 55. h5 Ke5 56. Ne7 Bg5 57. Nc6+ Kf4 58.
Kd1 Kg4 59. Ke2 Kxh5 60. Nxa5 Kg4 61. Nc6 h5 62. Nxb4 h4 63. Nd5 h3 64. Kf1 e3 65.
Nc3 Kf3 66. Kg1 Bf6 67. Nb1 e2 68. Nd2+ Ke3 69. Nc4+ Kd3 70. Kf2 h2 71. Ne5+ Bxe5 72. Kg2 h1=Q+ 73. Kxh1 e1=Q+ 0-1

[Event "*** Titled Tuesday Blitz"]
[Site "Chess.com"]
[Date "2019.04.02"]
[Round "1"]
[White "HanSchut"]
[Black "DoHoChess"]
[Result "0-1"]
[WhiteElo "2189"]
[BlackElo "2545"]
[TimeControl "180+2"]
[EndTime "14:09:34 PDT"]
[Termination "DoHoChess won by resignation"]

1. e4 c5 2. Nf3 e6 3. c4 Nc6 4. Nc3 Nf6 5. Be2 b6 6. O-O Bb7 7. Re1 Qb8 8. Bf1 Nd4 9. d3 Nxf3+ 10. Qxf3 a6 11. Bg5 Be7 12. Rad1 O-O 13. Qg3 Qxg3 14. hxg3 d6 15. f4 h6 16. Bh4 Rfe8 17. Be2 Rad8 18. Bf3 Nd7 19. Bxe7 Rxe7 20. g4 Nb8 21. Kf2 Nc6 22. Rh1 Red7 23. Rh5 Ne7 24. g5 hxg5 25. Rdh1 Kf8 26. Rxg5 Ng6 27. f5 Ne5 28. Ke3 b5 29. Rh8+ Ke7 30. Rxd8 Rxd8 31. fxe6 bxc4 32. Rxg7 Kxe6 33.
dxc4 Nxc4+ 34. Kf4 Ne5 35. Nd5 Bxd5 36. exd5+ Kf6 37.
Rh7 Rb8 38. Rh6+ Ng6+ 39. Ke3 Rxb2 40. g4 Rxa2 41. Be4 Kg7 42. Rh5 Ne5 43. Rg5+ Kf8 44. Kf4 Ke7 45. Rf5 Rf2+ 46. Ke3 Rxf5 47. gxf5 a5 48.
Kd2 Kf6 49. Kc3 Kg5 50. Bc2 Kf4 51. Kb3 Ke3 52. Ka4 Nc4 53. Kb5 Kd4 54. Bb3 Ne5 55. Kxa5 c4 56. Bc2 Kxd5 57. Kb4 Kd4 58. f6 d5 59. Kb5 Kc3 60. Bh7 d4 61. Kc5 d3 62.
Kd5 Ng4 63. Bg6 Nxf6+ 0-1

[Event "*** Titled Tuesday Blitz"]
[Site "Chess.com"]
[Date "2019.04.02"]
[Round "1"]
[White "riconaipe"]
[Black "Artooooo"]
[Result "0-1"]
[WhiteElo "2407"]
[BlackElo "2733"]
[TimeControl "180+2"]
[EndTime "14:09:38 PDT"]
[Termination "Artooooo won on time"]

1. d4 Nf6 2. c4 e6 3. Nc3 d5 4.
cxd5 exd5 5. Bg5 c6 6. Qc2 Be7 7. e3 Be6 8. Bd3 Nbd7 9. Nge2 Nh5 10. Bxe7 Qxe7 11. O-O g6 12. Rae1 O-O 13. f3 f5 14.
Nf4 Nxf4 15. exf4 Qf6 16. Qf2 Rfe8 17. Re2 Bf7 18. Rfe1 Rxe2 19. Rxe2 Re8 20. Rxe8+ Bxe8 21. Qe3 Bf7 22. g4 Be6 23. g5 Qe7 24. Kf2 Qd6 25. h4 Bf7 26. a3 Kf8 27. h5 Qe7 28. hxg6 hxg6 29. b4 Qxe3+ 30. Kxe3 Ke7 31. Na4 b6 32. Nc3 Kd6 33. Ne2 Nf8 34. Ng3 Be6 35. Bc2 Bd7 36. Bd3 c5 37. bxc5+ bxc5 38. Bc2 cxd4+ 39. Kxd4 Ne6+ 40. Ke3 d4+ 41. Kd2 Nxf4 42. Bb3 Bc6 43. Ne2 Nxe2 44. Kxe2 Ke5 45. Bf7 Bb5+ 46. Kf2 Kf4 47.
Bxg6 Kxg5 48. Bf7 Kf4 49. Bd5 d3 50. Ba2 Ba4 51. Ke1 Ke3 0-1

[Event "*** Titled Tuesday Blitz"]
[Site "Chess.com"]
[Date "2019.04.02"]
[Round "1"]
[White "davserr65"]
[Black "IMRosen"]
[Result "0-1"]
[WhiteElo "2089"]
[BlackElo "2524"]
[TimeControl "180+2"]
[EndTime "14:09:38 PDT"]
[Termination "IMRosen won by resignation"]

1. Nf3 Nf6 2. c4 e6 3. g3 d5 4. Bg2 dxc4 5. Qa4+ c6 6. Qxc4 b5 7. Qc2 Bb7 8. O-O Nbd7 9. d4 Be7 10. b3 O-O 11.
Bb2 c5 12. dxc5 Bxc5 13. Nbd2 Rc8 14. Qd1 Qb6 15. a3 Ng4 16. Qe1 a5 17. h3 Ngf6 18.
Rc1 Rfd8 19. Kh2 h6 20. Nh4 Bxg2 21. Nxg2 e5 22. e3 Qe6 23. Qe2 Rb8 24. Rfd1 Bd6 25.
Rc6 Qd5 26. Rcc1 Qe6 27. Rc6 Qe7 28. Nb1 Nf8 29. e4 Ne6 30. Ne3 Nd4 31. Bxd4 exd4 32.
Rxd4 Bxg3+ 33. fxg3 Rxd4 34. Nf5 Qxe4 35. Nxd4 Qxd4 36.
Rc2 Re8 37. Qg2 Re1 38. Nc3 b4 39. axb4 axb4 40. Ne2 Qe3 41. Nf4 Ne4 42. Re2 Rxe2 43. Nxe2 Nd2 44. Ng1 Nxb3 45. Qa8+ Kh7 46. Qg2 Nd4 47.
Qb2 b3 48. h4 g6 49. h5 gxh5 50. Qb1+ Kg8 51. Qb2 Qd3 52. Kh3 Nf5 53. Qg2 b2 54. Qa8+ Kh7 0-1

[Event "*** Titled Tuesday Blitz"]
[Site "Chess.com"]
[Date "2019.04.02"]
[Round "1"]
[White "Chessmatus"]
[Black "12teen"]
[Result "1-0"]
[WhiteElo "2346"]
[BlackElo "2636"]
[TimeControl "180+2"]
[EndTime "14:09:39 PDT"]
[Termination "Chessmatus won by resignation"]

1. d4 a6 2. c4 b5 3. e3 Bb7 4. Nf3 b4 5. a3 e6 6. axb4 Bxb4+ 7. Bd2 Be7 8. Nc3 Nf6 9. Bd3 O-O 10. O-O d6 11. b4 Nbd7 12. Qc2 h6 13. e4 Nb6 14. d5 e5 15. c5 dxc5 16. bxc5 Bxc5 17. Nxe5 Re8 18. Nf3 Bd6 19. Rfb1 Bc8 20. h3 Nbd7 21. Nd4 Ne5 22. Bf1 Ng6 23. Nc6 Qd7 24. Nb8 Qe7 25. Nc6 Qd7 26. Be3 Ne5 27. Bb5 axb5 28. Nxe5 Bxe5 29.
Rxa8 c6 30. Ra7 Qd6 31. dxc6 Qxc6 32. Rc1 b4 33. Ne2 Qb5 34. Nd4 Qb8 35. Ra5 Bb7 36. f3 Bh2+ 37. Kh1 Be5 38. Nf5 Nh5 39. Rb5 g6 40. Nxh6+ Kg7 41. Ng4 Bd6 42. Bd4+ f6 43.
Qb2 Rf8 44. Rb6 Rf7 45. Rb1 Ng3+ 46. Kg1 Qc7 47. Rb5 Nh5 48. e5 Bf8 49. exf6+ Kh7 50. Re1 Ba6 51. Rxh5+ gxh5 52. Qb1+ Kh8 53. Ne5 Rd7 54.
Nxd7 Qxd7 55. Qe4 Bb7 56. f7+ Bg7 57. Qe8+ Kh7 58. Qxd7 1-0